 Dungeon Crawl Stone Soup version 0.31.0-9-g3a7656b989 (webtiles) character file.

Game seed: 9989359235228364447

69 qw the Shooter (level 4, -2/22 HPs)
             Began as a Spriggan Hunter on Feb 3, 2024.
             Slain by a goblin
             ... wielding a +0 club
             ... led by Robin
              (3 damage)
             ... on level 2 of the Dungeon.
             The game lasted 00:00:31 (806 turns).

qw the Shooter (Spriggan Hunter)                     Turns: 806, Time: 00:00:32

Health: -2/22      AC:  2    Str:  7    XL:     4   Next: 2%
Magic:  5/5        EV: 19    Int: 10    God:
Gold:   49         SH:  0    Dex: 20    Spells: 3/3 levels left

rFire   . . .        a - +0 shortbow
rCold   . . .        (shield currently unavailable)
rNeg    . . .        c - +0 robe
rPois   .            (helmet restricted)
rElec   .            (no cloak)
rCorr   .            (gloves unavailable)
SInv    +            (boots unavailable)
Will    .....        (no amulet)
Stlth   ++           (no ring)
HPRegen 0.23/turn    (no ring)
MPRegen 0.09/turn

%: no passive effects
@: very quick
A: very small, no large weapons, unfitting armour, see invisible, speed 3
a: no special abilities


You were on level 2 of the Dungeon.
You visited 1 branch of the dungeon, and saw 2 of its levels.

You collected 49 gold pieces.


Innate Abilities, Weirdness & Mutations

You are very small and have problems with some larger weapons.
You are too small for most types of armour.
You have supernaturally acute eyesight. (SInv)
You cover ground extremely quickly. (Speed+++)


   Skills:
 - Level 1.5 Fighting
 - Level 5.0 Ranged Weapons
 + Level 4.3 Dodging
 - Level 1.5 Stealth


You had 3 spell levels left.
You didn't know any spells.
Your spell library was empty.

Inventory:

Hand Weapons
 a - a +0 shortbow (weapon)
Armour
 c - a +0 robe (worn)
Wands
 j - a wand of polymorph (9)
Scrolls
 b - a scroll of revelation {unknown}
Potions
 d - a potion of degeneration {unknown}
 e - a potion of haste {unknown}
 f - a potion of heal wounds {unknown}
 g - a potion of mutation {unknown}
 h - a potion of curing {unknown}
 i - a potion of might {unknown}

Dungeon Overview and Level Annotations

Branches:
Dungeon (2/15)

Altars:

Annotations:
D:2 Robin


Message History

You hear a shout! x2
A hobgoblin comes into view.
You shoot an arrow. The arrow misses the goblin.
The hobgoblin shouts!
You hear a shout! x4
The goblin hits you but does no damage.
You shoot an arrow. The arrow hits the goblin.
The goblin is severely wounded.
A goblin comes into view. It is wielding a +0 club.
The goblin barely misses you.
You shoot an arrow. The arrow hits the goblin!
You kill the goblin!
Robin throws the goblin at you! The goblin completely misses you.
You have reached level 4!
You shoot an arrow. The arrow closely misses the goblin.
The goblin misses you.
A kobold comes into view. It is wielding a +0 dagger.
A goblin comes into view. It is wielding a +0 dagger.
You shoot an arrow. The arrow hits the goblin.
The goblin is heavily wounded.
The goblin closely misses you.
The kobold throws a stone.
The stone completely misses you.
The stone hits the goblin.
The goblin completely misses you.
You shoot an arrow. The arrow barely misses the goblin.
The goblin misses you.
Robin roars a battlecry!
The goblins go into a battle-frenzy!
The goblin closely misses you.
A goblin comes into view. It is wielding a +0 club.
The goblin hits you with a +0 club. Robin throws the goblin at you!
You shoot an arrow. The arrow hits the goblin!
You kill the goblin!
The goblin misses you.
A goblin comes into view. It is wielding a +0 dagger.
The goblin hits you with a +0 club. The hobgoblin hits you.
You shoot an arrow. The arrow hits the goblin.
The goblin is heavily wounded.
The goblin hits you but does no damage. The hobgoblin hits you.
The goblin hits you with a +0 club.
You die...

.. ... #g###..##
g....... #g....#
###.....#
...%.g%K##
#..[.g.#####.
#...g@g...$..
.#.####.#).##.###.
.........).# #.#
#..####.#.###.#
#..# ##..##.# #..#
##.#.# #.%# #..#
#..######.##
####.........#


You could see Robin, a hobgoblin (strong), 5 goblins and a kobold.

Vanquished Creatures
  Natasha (D:2)
  A dart slug (D:2)
  A ribbon worm (D:2)
  4 endoplasms (D:1)
  A giant cockroach (D:1)
  6 goblins
  6 hobgoblins
  2 jackals (D:1)
  A quokka (D:1)
  A ball python (D:1)
  3 bats
  3 frilled lizards (D:1)
  A kobold (D:1)
  7 rats
38 creatures vanquished.

Notes
Turn   | Place    | Note
-------+----------+-------------------------------------------
     0 | D:1      | qw the Spriggan Hunter began the quest for the Orb.
     0 | D:1      | Reached XP level 1. HP: 10/10 MP: 2/2
     0 | D:1      | 0 ||| qw: Version: 0.3-a-155-g5e7d8dd
     0 | D:1      | 0 ||| qw: Game counter: 3042
     0 | D:1      | 0 ||| qw: Melee chars always use a shield: true
     0 | D:1      | 0 ||| qw: God list: Okawaru
     0 | D:1      | 0 ||| qw: Allow faded altars: false
     0 | D:1      | 0 ||| qw: Do Orc after clearing Dungeon:15 true
     0 | D:1      | 0 ||| qw: Do second Lair branch before Depths: true
     0 | D:1      | 0 ||| qw: Lair rune preference: random
     0 | D:1      | 0 ||| qw: Goals: Normal
     0 | D:1      | 0 ||| PLANNING D:1-11
    10 | D:1      | HP: 1/10 [frozen (5)]
    73 | D:1      | Reached skill level 3 in Dodging
   187 | D:1      | Reached XP level 2. HP: 14/14 MP: 3/3
   512 | D:1      | 512 ||| READING scroll labelled ZAOLOCV ROKHIROMI.
   513 | D:1      | 513 ||| DROPPING scroll of butterflies.
   580 | D:2      | Reached XP level 3. HP: 18/18 MP: 4/4
   670 | D:2      | Noticed Natasha
   673 | D:2      | Killed Natasha
   674 | D:2      | Reached skill level 5 in Ranged Weapons
   796 | D:2      | Noticed Robin
   802 | D:2      | Reached XP level 4. HP: 21/22 MP: 5/5
   805 | D:2      | HP: 4/22 [hobgoblin[Robin] (6)]
   806 | D:2      | HP: 1/22 [hobgoblin[Robin] (3)]
   806 | D:2      | Slain by a goblin

Levels and vault maps discovered:
D:1:      nicolae_arrival_memento_mori, layout_basic, minmay_gold_behind_fungi
D:2:      layout_loops_ring, uniq_natasha, uniq_robin

Skill      XL: |  1  2  3 |
---------------+----------+-----
Dodging        | 3 4 |  4.3
Ranged Weapons | 5 |  5.0
Fighting       | |  1.5
Stealth        | |  1.5

Action                     |  1- 3 |  4- 6 || total
---------------------------+-------+-------++-------
   Fire: Shortbow          |   100 |     5 ||   105
    Use: Scroll            |     1 |       ||     1
 Armour: Robe              |     6 |     7 ||    13
  Dodge: Dodged            |    13 |     7 ||    20

Table legend:
 A = Non-vault XP
 B = Vault XP
 C = Vault XP percentage of total XP
 D = Non-vault monster count
 E = Vault monster count
 F = Vault count percentage of total count
                 A         B        C        D         E       F
            +---------+---------+-------+---------+---------+-------
      Total |      56 |      43 |  43.4 |      33 |       5 |  13.2
            +---------+---------+-------+---------+---------+-------
        D:1 |      38 |       0 |   0.0 |      25 |       0 |   0.0
        D:2 |      18 |      43 |  70.5 |       8 |       5 |  38.5
            +---------+---------+-------+---------+---------+-------
